 Dungeon Crawl Stone Soup version 0.29-a0-393-g47a863cc1b (webtiles) character file.

Game seed: 18269378203499663284

9661 siradein the Destroyer (level 11, -3/86 HPs)
             Began as a White Draconian Conjurer on May 11, 2022.
             Was a Follower of Vehumet.
             Slain by a slime creature (14 damage)
             ... on level 9 of the Dungeon.
             The game lasted 00:45:08 (14903 turns).

siradein the Destroyer (White Draconian Conjurer)  Turns: 14903, Time: 00:45:08

Health: -3/86      AC: 10    Str: 12    XL:     11   Next: 26%
Magic:  3/26       EV: 15    Int: 23    God:    Vehumet [*.....]
Gold:   792        SH:  7    Dex:  9    Spells: 16/32 levels left

rFire   + . .      SeeInvis +   M - +0 demon whip (venom)
rCold   + + .      Faith    .   f - +0 buckler
rNeg    . . .      Spirit   .   (body armour unavailable)
rPois   .          Reflect  +   (helmet restricted)
rElec   .          Harm     .   Q - scarf {rC+ rF+}
rCorr   .          Rampage  .   L - +2 pair of gloves
Will    .....                   (no boots)
Stlth   ++........              N - amulet of reflection
HPRegen 0.24/turn               D - ring of see invisible
MPRegen 0.20/turn               n - +4 ring of evasion

@: short of breath
A: breathe frost, AC +7, unfitting armour, cold resistance 1, cold-blooded,
strong 1, MP-powered wands
a: Breathe Frost, Renounce Religion


You were on level 9 of the Dungeon.
You worshipped Vehumet.
Vehumet was aware of your devotion.
You visited 2 branches of the dungeon, and saw 11 of its levels.

You collected 792 gold pieces.

Inventory:

Hand Weapons
 M - a +0 demon whip of venom (weapon)
Armour
 f - a +0 buckler (worn)
 L - a +2 pair of gloves (worn)
 Q - a scarf of resistance (worn)
Magical Staves
 b - a staff of cold
 d - a staff of fire
 E - a staff of air
Jewellery
 g - a ring of protection from cold
 n - a +4 ring of evasion (right hand)
 D - a ring of see invisible (left hand)
 G - an amulet of faith
 N - an amulet of reflection (around neck)
 O - a ring of resist corrosion
Wands
 l - a wand of polymorph (21)
 v - a wand of digging (9)
 F - a wand of flame (14)
 J - a wand of acid (7)
Scrolls
 e - 3 scrolls of magic mapping
 k - 2 scrolls of summoning {unknown}
 o - a scroll of poison {unknown}
 u - 3 scrolls of enchant armour {unknown}
 w - 2 scrolls of immolation {unknown}
 x - a scroll of silence {unknown}
 y - 2 scrolls of vulnerability {unknown}
 z - 2 scrolls of fog {unknown}
 B - 7 scrolls of teleportation
 H - a scroll of blinking {unknown}
 I - 2 scrolls of enchant weapon {unknown}
 P - a scroll of torment {unknown}
Potions
 a - 3 potions of magic
 c - a potion of degeneration {unknown}
 h - 5 potions of curing
 i - 5 potions of attraction
 j - 3 potions of lignification
 m - 3 potions of might
 p - a potion of invisibility {unknown}
 q - 2 potions of heal wounds
 r - 2 potions of flight
 s - a potion of cancellation {unknown}
 t - 2 potions of brilliance
 A - 2 potions of ambrosia
 C - 2 potions of mutation
 K - 2 potions of berserk rage {unknown}


   Skills:
 - Level 5.0 Fighting
 - Level 1.7 Dodging
 - Level 1.7 Stealth
 + Level 11.1 Spellcasting
 + Level 12.6 Conjurations
 + Level 3.0 Ice Magic


You had 16 spell levels left.
You knew the following spells:

 Your Spells              Type           Power      Damage    Failure   Level
a - Magic Dart            Conj           100%       1d8       1%          1
b - Searing Ray           Conj           100%       2d8       1%          2
c - Fulminant Prism       Conj/Hex       20%        3d13      4%          4
d - Iskenderun's Mystic   Conj/Tloc      41%        2d9       4%          4
e - Freezing Cloud        Conj/Ice/Air   18%        6-21      22%         5

Your spell library contained the following spells:

 Spells                   Type           Power      Damage    Failure   Level
 Freeze                   Ice            100%       1d11      1%          1
 Dazzling Flash           Conj/Hex       82%        N/A       1%          3
 Mephitic Cloud           Conj/Pois/Air  32%        N/A       3%          3
 Ensorcelled Hibernation  Hex/Ice        38%        N/A       5%          2
 Apportation              Tloc           24%        N/A       7%          1
 Corpse Rot               Necr/Air       24%        N/A       11%         2
 Gell's Gravitas          Tloc           12%        N/A       21%         3
 Ignite Poison            Fire/Tmut/Pois 12%        N/A       21%         3
 Lesser Beckoning         Tloc           12%        N/A       21%         3
 Spider Form              Tmut/Pois      12%        N/A       21%         3
 Teleport Other           Tloc           12%        N/A       21%         3
 Anguish                  Hex/Necr       6%         N/A       56%         4
 Dispel Undead            Necr           12%        3d9       56%         4
 Alistair's Intoxication  Tmut/Pois      8%         N/A       88%         5
 Lee's Rapid Deconstruct  Erth           6%         3d7*      88%         5
 Death Channel            Necr           6%         N/A       100%        6


Dungeon Overview and Level Annotations

Branches:
Dungeon (10/15)            Temple (1/1) D:7
   Lair: D:8-11         Orc: D:9-12

Altars:
Ashenzari
Cheibriados
Fedhas
Gozag
Hepliaklqana
Kikubaaqudgha
Makhleb
Nemelex Xobeh
Okawaru
Qazlal
Ru
Trog
Uskayaw
Vehumet
Wu Jian
Xom
Yredelemnul
Zin
The Shining One

Shops:
D:10 (


Innate Abilities, Weirdness & Mutations

You can breathe waves of freezing cold which knock back foes.
Your icy white scales are hard. (AC +7)
You cannot fit into any form of body armour.
Your flesh is cold resistant. (rC+)
You are cold-blooded and may be slowed by cold attacks.
Your muscles are strong. (Str +2)
You expend magic power (3 MP) to strengthen your wands.


Message History

The blast of energy engulfs the slime creature!!
The slime creature is heavily wounded.
The blast of energy engulfs you!
* * * LOW HITPOINT WARNING * * *
The slime creature attacks as you move away!
The slime creature hits you but does no damage.
There is an open door here.
The slime creature attacks as you move away!
The slime creature hits you!
* * * LOW HITPOINT WARNING * * *
You have got your breath back.
Aiming: Breathe Frost (3% risk of failure)
Press: ? - help, Shift-Dir - straight line, f - slime creature
Aim: a slime creature (heavily wounded, 93% to hit)
You exhale a wave of freezing cold.
The freezing breath misses the slime creature.
The freezing breath hits the slime creature!
The slime creature is severely wounded.
The slime creature is blown backwards by the freezing wind.
The slime creature closely misses you.
The slime creature attacks as you move away!
The slime creature barely misses you.
There is a stone staircase leading up here.
The slime creature completely misses you.
You climb upwards.
There is a stone staircase leading down here.
Casting: Fulminant Prism (dangerous; 4% risk of failure)
Confirm with . or Enter, or press ? or * to list all spells.
Aiming: Searing Ray (safe; 1% risk of failure)
Press: ? - help, Shift-Dir - straight line, f - slime creature
Aim: a slime creature (moderately wounded, 96% to hit)
The searing ray hits the slime creature.
The slime creature is heavily wounded. (Press . to maintain the ray.)
The slime creature hits you!
* * * LOW HITPOINT WARNING * * *
The searing ray hits the slime creature!
The slime creature is severely wounded.
The slime creature hits you!
You die...

#....................#
#..........###########
#..........#
#..........#
#..........#
#..........#
#[.........#
#..........###########
#..............J@....#
#..........###########
#..........#
#..........#
...........#
#..........#
#..........#
#..........###########
#.########...........#


You could see a slime creature.

Vanquished Creatures
  Erolcha (D:9)
  2 two-headed ogres (D:9)
  Amaemon (D:8)
  An orange demon (D:8)
  A gargoyle (D:9)
  Psyche (D:9)
  3 slime creatures (D:10)
  3 wyverns
  9 yaks
  The ghost of osinmv the Conjurer, an amateur DECj of Ru (D:4)
  4 orc warriors
  2 ice beasts (D:6)
  8 centaurs
  5 phantoms
  3 kobold brigands
  6 bullfrogs
  2 necrophages
  10 wights
  8 killer bees
  4 howler monkeys
  3 hounds
  5 orc priests
  4 jellies
  Crazy Yiuf (D:2)
  An iguana (D:5)
  Ijyb (D:3)
  Terence (D:6)
  4 orc wizards
  Natasha (thrice) (D:3)
  5 adders
  4 gnolls (D:2)
  A shadow imp (D:5)
  An ufetubus (D:5)
  A worm (D:5)
  A dart slug (D:2)
  31 orcs
  6 endoplasms
  A giant cockroach (D:1)
  6 goblins
  6 hobgoblins
  2 quokkas
  2 ball pythons
  5 bats
  6 frilled lizards
  6 kobolds
  4 rats
186 creatures vanquished.

Vanquished Creatures (others)
  35 fulminant prisms
  6 plants
41 creatures vanquished.

Grand Total: 227 creatures vanquished

Notes
Turn   | Place    | Note
-------+----------+-------------------------------------------
     0 | D:1      | siradein the Draconian Conjurer began the quest for the
                  | Orb.
     0 | D:1      | Reached XP level 1. HP: 14/14 MP: 3/3
   461 | D:1      | Reached XP level 2. HP: 20/20 MP: 3/5
   945 | D:2      | Learned a level 2 spell: Searing Ray
   988 | D:2      | Found a faded altar of an unknown god.
  1144 | D:2      | Reached XP level 3. HP: 26/26 MP: 1/7
  1608 | D:2      | Found a runed translucent door.
  1609 | D:2      | Noticed Crazy Yiuf
  1728 | D:2      | Reached XP level 4. HP: 33/33 MP: 6/8
  1834 | D:2      | Found a sparkling altar of Nemelex Xobeh.
  2155 | D:2      | Gained mutation: You sometimes lose the ability to read
                  | scrolls when taking damage. [potion of mutation]
  2155 | D:2      | Gained mutation: Your large and strong wings let you fly.
                  | [potion of mutation]
  2301 | D:3      | Lost mutation: Your large and strong wings let you fly.
                  | [potion of mutation]
  2301 | D:3      | Lost mutation: You sometimes lose the ability to read
                  | scrolls when taking damage. [potion of mutation]
  2301 | D:3      | Gained mutation: Your muscles are strong. (Str +2) [potion
                  | of mutation]
  2301 | D:3      | Gained mutation: You expend magic power (3 MP) to
                  | strengthen your wands. [potion of mutation]
  2445 | D:3      | Noticed Ijyb
  2541 | D:3      | Killed Ijyb
  2542 | D:3      | Reached skill level 5 in Conjurations
  2589 | D:3      | Reached XP level 5. HP: 38/38 MP: 6/10
  2627 | D:3      | Learned a level 4 spell: Fulminant Prism
  2686 | D:3      | Found a stormy altar of Qazlal.
  2700 | D:3      | Noticed Terence
  2740 | D:3      | Noticed Natasha
  2744 | D:3      | Killed Natasha
  3217 | D:3      | Noticed Natasha
  3220 | D:3      | Killed Natasha
  3467 | D:3      | Found a stormy altar of Qazlal.
  3467 | D:3      | Noticed Natasha
  3471 | D:3      | Killed Natasha
  4000 | D:4      | Noticed osinmv's ghost (amateur DECj)
  4301 | D:4      | Reached XP level 6. HP: 45/45 MP: 5/12
  4405 | D:4      | Found a runed translucent door.
  5155 | D:5      | Entered Level 5 of the Dungeon
  5197 | D:5      | Reached skill level 1 in Fighting
  5197 | D:5      | Reached skill level 6 in Conjurations
  5620 | D:5      | Your scales start taking on an icy white colour.
  5620 | D:5      | Reached XP level 7. HP: 55/55 MP: 8/14
  5620 | D:5      | Gained mutation: Your flesh is cold resistant. (rC+) [White
                  | Draconian growth]
  5739 | D:2      | Killed Crazy Yiuf
  5816 | D:4      | Killed osinmv's ghost
  5817 | D:4      | Reached skill level 5 in Spellcasting
  6060 | D:5      | Found a snail-covered altar of Cheibriados.
  6848 | D:6      | Killed Terence
  6945 | D:6      | Reached skill level 7 in Conjurations
  7102 | D:6      | Reached XP level 8. HP: 66/66 MP: 9/16
  7107 | D:6      | Learned a level 4 spell: Iskenderun's Mystic Blast
  7612 | D:6      | Reached skill level 5 in Fighting
  8080 | D:6      | Reached skill level 8 in Conjurations
  8739 | D:7      | Found a hazy altar of Hepliaklqana.
  8876 | D:7      | Reached XP level 9. HP: 74/74 MP: 10/19
  9124 | D:7      | Found a staircase to the Ecumenical Temple.
  9148 | Temple   | Entered the Ecumenical Temple
  9183 | Temple   | Became a worshipper of Vehumet
  9540 | D:8      | Reached skill level 9 in Conjurations
 10347 | D:8      | Noticed Amaemon
 10347 | D:8      | Noticed an orange demon
 10475 | D:8      | Reached skill level 10 in Conjurations
 11248 | D:8      | Reached * piety under Vehumet
 11248 | D:8      | Offered knowledge of Sandblast by Vehumet.
 11764 | D:8      | Killed an orange demon
 11765 | D:8      | Reached XP level 10. HP: 81/81 MP: 5/23
 11766 | D:8      | Killed Amaemon
 11942 | D:8      | Reached skill level 11 in Conjurations
 12304 | D:9      | Noticed Psyche
 12318 | D:9      | Killed Psyche
 12475 | D:9      | Noticed a two-headed ogre
 12498 | D:9      | Killed a two-headed ogre
 12499 | D:9      | Reached skill level 10 in Spellcasting
 12675 | D:9      | Noticed a gargoyle
 12681 | D:9      | Killed a gargoyle
 12817 | D:9      | Noticed Erolcha
 12851 | D:9      | Killed Erolcha
 12852 | D:9      | Reached skill level 12 in Conjurations
 13195 | D:9      | Found an ancient bone altar of Kikubaaqudgha.
 13227 | D:9      | Noticed a two-headed ogre
 13256 | D:9      | Killed a two-headed ogre
 13257 | D:9      | Reached XP level 11. HP: 86/86 MP: 7/25
 13766 | D:10     | Entered Level 10 of the Dungeon
 13816 | D:10     | Learned a level 5 spell: Freezing Cloud
 13834 | D:10     | Reached skill level 1 in Ice Magic
 14590 | D:10     | Found Dovux's Weapon Emporium.
 14793 | D:10     | Offered knowledge of Freeze by Vehumet.
 14903 | D:9      | Slain by a slime creature

Illustrated notes

Levels and vault maps discovered:
D:1:      dpeg_arrival_houses_and_road, layout_basic,
          chequers_serial_rivers_room_a
D:2:      layout_basic, shapermc_ecumenical_altar_venn, basic_altar,
          uniq_crazy_yiuf_cottage
D:3:      layout_loops_ring, grunt_qazlal_sundering, st_stairs_14,
          minmay_box_of_dots, uniq_ijyb, uniq_natasha, uniq_terence
D:4:      layout_loops_corners, serial_forest, infiniplex_forest_corner_1,
          infiniplex_forest_side_room, infiniplex_forest_side_room,
          infiniplex_forest_clump_small, infiniplex_forest_clump_medium,
          infiniplex_forest_clump_medium, infiniplex_forest_clump_long,
          infiniplex_forest_lined_4_way, hellmonk_ghost_happy_afterlife,
          corexii_leaking_fountain
D:5:      layout_loops_ring, lemuel_tele_altar, nrook_pool_corridor,
          guppyfry_early_lair_pool
D:6:      layout_loops_corners, minmay_fractal_squares_diagonal_5
D:7:      layout_basic, nzn_hepliaklqana_mist_gate, minmay_temple_entry_waves
D:8:      layout_rooms, hangedman_abyss_or_decor_slice,
          grunt_decor_mini_mirrors, centaur_isle, uniq_amaemon
D:9:      layout_small_grid, kiku_gazebo_pond_becter, uniq_erolcha, uniq_psyche
D:10:     layout_irregular_city, serial_shops, nicolae_shop_stone, minivault_26
Temple:   compressed_dpeg_circular_temple

Skill      XL: |  1  2  3  4  5  6  7  8  9 10 11 |
---------------+----------------------------------+-----
Spellcasting   | 3 4 5 7 9 10 11 | 11.1
Conjurations   | 5 6 7 8 10 12 | 12.6
Fighting       | 2 4 5 |  5.0
Ice Magic      | 3 |  3.0
Dodging        | |  1.7
Stealth        | |  1.7

Action                   |  1- 3 |  4- 6 |  7- 9 | 10-12 || total
-------------------------+-------+-------+-------+-------++-------
Melee: Unarmed           |     2 |       |       |       ||     2
       Demon whip        |       |       |       |     1 ||     1
 Cast: Magic Dart        |    51 |    65 |   177 |    30 ||   323
       Searing Ray       |     4 |    16 |    56 |    24 ||   100
       Fulminant Prism   |       |       |     4 |    31 ||    35
       Iskenderun's Myst |       |       |       |     2 ||     2
 Abil: Breathe Frost     |       |       |    13 |    10 ||    23
  Use: Scroll            |       |     4 |     2 |     6 ||    12
       Potion            |       |     2 |       |     1 ||     3
Armor: Skin              |     4 |     3 |    49 |    10 ||    66
Dodge: Dodged            |     7 |     9 |   113 |    17 ||   146
Block: Buckler           |       |       |    18 |     7 ||    25
       Reflection        |       |       |       |     2 ||     2

Table legend: (Time is in decaauts)
 A = Elapsed time spent in this place.
 B = Non-inter-level travel time spent in this place.
 C = Inter-level travel time spent in this place.
 D = Time resting spent in this place.
 E = Time spent auto-exploring this place.
 F = Levels seen in this place.
 G = Mean time per level.
                   A        B        C        D        E       F      G
               +--------+--------+--------+--------+--------+-----+--------+
         Total |  14888 |  14321 |    567 |    394 |  12014 |  11 | 1353.5 |
       Dungeon |  14819 |  14285 |    534 |    394 |  11995 |  10 | 1481.9 |
        Temple |     68 |     35 |     33 |      0 |     19 |   1 |   68.0 |
               +--------+--------+--------+--------+--------+-----+--------+

Top non-repeatable levels by time:
     D:8: 2507 daAuts
     D:3: 1845 daAuts
     D:6: 1772 daAuts
     D:9: 1417 daAuts
     D:4: 1310 daAuts
     D:5: 1305 daAuts
     D:2: 1303 daAuts
     D:7: 1288 daAuts
    D:10: 1136 daAuts
     D:1: 932 daAuts
  Temple: 68 daAuts
